 Dungeon Crawl Stone Soup version 0.26-a0-542-gbaa144ba5c (webtiles) character file.

Game seed: 2987370747704256663

9 Ge0ff the Sneak (level 2, 0/26 HPs)
             Began as a Draconian Delver on Aug 17, 2020.
             Slain by an ice beast (1 damage)
             ... on level 5 of the Dungeon.
             The game lasted 00:03:44 (485 turns).

Ge0ff the Sneak (Draconian Delver)                   Turns: 485, Time: 00:03:44

Health: 0/26       AC:  4    Str: 13 (14) XL:     2   Next: 6%
Magic:  2/2        EV: 12    Int:  8 (10) God:
Gold:   15         SH:  0    Dex: 11 (12) Spells: 1/1 levels left

rFire    . . .     SeeInvis .   a - +0 mace
rCold    . . .     Faith    .   (no shield)
rNeg     . . .     Spirit   .   (armour unavailable)
rPois    .         Reflect  .   (helmet restricted)
rElec    .         Harm     .   (no cloak)
rCorr    .                      (no gloves)
MR       .....                  (no boots)
Stlth    +++.......             (no amulet)
HPRegen  0.08/turn              (no ring)
MPRegen  0.08/turn              (no ring)

@: flying
A: unfitting armour, cold-blooded, AC +4
a: no special abilities


You were on level 5 of the Dungeon.
You visited 1 branch of the dungeon, and saw 3 of its levels.

You collected 15 gold pieces.

Inventory:

Hand Weapons
 a - a +0 mace (weapon)
Missiles
 J - 3 poisoned darts (quivered)
Wands
 d - a wand of digging (3)


   Skills:
 - Level 3.2 Fighting
 + Level 2.8 Maces & Flails
 - Level 1.7 Dodging
 - Level 4.5 Stealth


You had one spell level left.
You didn't know any spells.
Your spell library was empty.

Dungeon Overview and Level Annotations

Branches:
Dungeon (6/15)
 Temple: D:4-7

Altars:


Innate Abilities, Weirdness & Mutations

Your plain brown scales are hard. (AC +4)
You cannot fit into any form of body armour.
You are cold-blooded and may be slowed by cold attacks.


Message History

There is a stone staircase leading up here.
An ice beast comes into view.
You aren't carrying any potions.
Unknown command.
Okay, then.
As you read the scroll of fog, it crumbles to dust.
The scroll dissolves into smoke.
The ice beast hits you. The ice beast freezes you!
You hit the ice beast.
The ice beast is lightly wounded.
The ice beast barely misses you.
You hit the ice beast. You tail-slap the ice beast.
The ice beast is moderately wounded.
The ice beast hits you. The ice beast freezes you!
* * * LOW HITPOINT WARNING * * *
The ice beast misses you.
You hit the ice beast but do no damage.
The ice beast is moderately wounded.
The ice beast hits you.
You die...

**,,,** *,* **+**
*.# #,* *Y# #.*
*.# ##.#* *.#
##...#* *.#
*.....* #§#
*#.,#.##########§#
#.###...<...§§Y@#
###.#.############
<....## ######


You could see an ice beast.

Vanquished Creatures
  An adder (D:5)
  A leopard gecko skeleton (D:5)
2 creatures vanquished.

Notes
Turn   | Place    | Note
-------+----------+-------------------------------------------
     0 | D:5      | Ge0ff the Draconian Delver began the quest for the Orb.
     0 | D:5      | Reached XP level 1. HP: 19/19 MP: 1/1
    55 | D:5      | Noticed an orc wizard
    55 | D:5      | Noticed an orc wizard
   268 | D:5      | Reached XP level 2. HP: 23/26 MP: 2/2
   470 | D:5      | Noticed an ice beast
   480 | D:5      | Noticed an ice beast
   484 | D:5      | HP: 1/26 [ice beast (8)]
   485 | D:5      | Slain by an ice beast

Illustrated notes

Levels and vault maps discovered:
D:4:      layout_basic, bloody_trog, chequers_temple_overflow_statue_of_worship,
          minmay_temple_entry_overgrown, enter_ossuary_1
D:5:      layout_loops_corners
D:6:      layout_rooms, serial_shops, shop

Action                   || total
-------------------------++-------
Melee: Mace              ||    16
       Tailslap          ||     2
Throw: Dart              ||     7
  Use: Scroll            ||     3
       Potion            ||     3
Armor: Skin              ||     3
Dodge: Dodged            ||    17

Table legend: (Time is in decaauts)
 A = Elapsed time spent in this place.
 B = Non-inter-level travel time spent in this place.
 C = Inter-level travel time spent in this place.
 D = Time resting spent in this place.
 E = Time spent auto-exploring this place.
 F = Levels seen in this place.
 G = Mean time per level.
                   A        B        C        D        E       F      G
               +--------+--------+--------+--------+--------+-----+--------+
         Total |    477 |    477 |      0 |    310 |      0 |   3 |  159.0 |
       Dungeon |    477 |    477 |      0 |    310 |      0 |   3 |  159.0 |
               +--------+--------+--------+--------+--------+-----+--------+

Top non-repeatable levels by time:
     D:5: 431 daAuts
     D:6: 43 daAuts
     D:4: 1 daAuts
